 Dungeon Crawl Stone Soup version 0.28.0-53-g5a82cb258f (webtiles) character file.

Game seed: 8995875178060176570

114 Zeld the Ogre Mage (level 4, -7/39 HPs)
             Began as an Ogre Fire Elementalist on June 6, 2022.
             Mangled by a gnoll
             ... wielding a +0 halberd
              (13 damage)
             ... on level 3 of the Dungeon.
             The game lasted 00:04:20 (2606 turns).

Zeld the Ogre Mage (Ogre Fire Elementalist)         Turns: 2606, Time: 00:04:21

Health: -7/39      AC:  4    Str: 12    XL:     4   Next: 97%
Magic:  3/9        EV: 10    Int: 18    God:
Gold:   94         SH:  0    Dex:  9    Spells: 0/10 levels left

rFire   . . .      SeeInvis .   e - +2 whip (elec)
rCold   . . .      Faith    .   (no shield)
rNeg    . . .      Spirit   .   a - +0 robe
rPois   +          Reflect  .   (helmet restricted)
rElec   .          Harm     .   n - +0 cloak
rCorr   .          Rampage  .   (gloves unavailable)
Will    .....                   (boots unavailable)
Stlth   +.........              (no amulet)
HPRegen 0.13/turn               j - ring of flight
MPRegen 0.11/turn               m - ring of poison resistance

@: flying, very slightly contaminated
A: large, unfitting armour, tough skin 1
a: no special abilities


You were on level 3 of the Dungeon.
You visited 1 branch of the dungeon, and saw 3 of its levels.

You collected 94 gold pieces.

Inventory:

Hand Weapons
 e - a +2 whip of electrocution (weapon)
Armour
 a - a +0 robe (worn)
 n - a +0 cloak (worn)
Jewellery
 j - a ring of flight (left hand)
 l - a ring of protection from cold
 m - a ring of poison resistance (right hand)
Wands
 g - a wand of digging (6)
 p - a wand of flame (16)
Scrolls
 c - 2 scrolls of identify {unknown}
 f - a scroll of teleportation {unknown}
 o - a scroll of immolation {unknown}
Potions
 b - a potion of berserk rage {unknown}
 d - a potion of lignification {unknown}
 h - a potion of mutation {unknown}
 i - a potion of resistance {unknown}
 k - a potion of curing {unknown}


   Skills:
 + Level 2.4 Dodging
 - Level 1.4 Stealth
 * Level 3.7 Spellcasting
 + Level 1.8 Conjurations
 * Level 3.5 Fire Magic


You couldn't memorise any spells.
You knew the following spells:

 Your Spells              Type           Power      Damage    Failure   Level
a - Foxfire               Conj/Fire      52%        2x1d6     4%          1
b - Scorch                Fire           32%        2d7       5%          2
c - Inner Flame           Hex/Fire       9%         N/A       22%         3
d - Flame Wave            Conj/Fire      13%        2d6       45%         4

Your spell library contained the following spells:

 Spells                   Type           Power      Damage    Failure   Level
 Conjure Flame            Conj/Fire      13%        6-21      16%         3
 Summon Cactus Giant      Summ           1%         N/A       100%        6


Dungeon Overview and Level Annotations

Branches:
Dungeon (3/15)

Altars:


Innate Abilities, Weirdness & Mutations

You are too large for most types of armour.
You have tough skin. (AC +1)


Message History

Flames lash Natasha.
Natasha is severely wounded.
Natasha's fire resistance burns away.
Natasha casts a spell at you.
You feel yourself slow down.
Casting: Scorch (safe; 6% risk of failure)
Confirm with . or Enter, or press ? or * to list all spells.
Flames lash Natasha.
Natasha is burned terribly!
You kill Natasha!
Natasha yowls pathetically as she dies!
Unknown command.
You feel yourself speed up.
HP restored.
You see here the felid corpse of Natasha.
Found a stone staircase leading down.
You now have 94 gold pieces (gained 9). 3 gnolls come into view.
The gnoll shouts! x2; You hear a shout!
There are monsters nearby!
The gnoll hits you from afar with a +0 halberd.
There are monsters nearby!
The gnoll hits you with a +0 halberd!
Casting: Scorch (safe; 5% risk of failure)
Confirm with . or Enter, or press ? or * to list all spells.
Flames lash the gnoll.
The gnoll is almost dead.
The gnoll's fire resistance burns away.
The gnoll closely misses you. The gnoll hits you with a +0 halberd!
Casting: Scorch (safe; 5% risk of failure)
Confirm with . or Enter, or press ? or * to list all spells.
Flames lash the gnoll.
The gnoll is burned terribly!
You kill the gnoll!
The gnoll hits you from afar with a +0 spear!
* * * LOW HITPOINT WARNING * * *
Casting: Scorch (safe; 5% risk of failure)
Confirm with . or Enter, or press ? or * to list all spells.
You miscast Scorch.
You are very lightly contaminated with residual magic.
Nothing appears to happen.
The gnoll hits you with a +0 halberd!
You die...

### ### ########.######
#.. #..)g.@.#.....# #.#
#.####g###.##.#######.#
#.## ##......##.... ##
#>##.........# #.
####.##.### .. #.##.#
## #.##.### #.##....
#.##.###


You could see 2 gnolls.

Vanquished Creatures
  Jessica (D:2)
  Natasha (D:3)
  2 adders (D:2)
  A gnoll (D:3)
  A worm (D:2)
  A dart slug (D:1)
  5 endoplasms
  A giant cockroach (D:2)
  2 hobgoblins (D:3)
  2 kobolds (D:1)
  3 quokkas (D:1)
  4 ball pythons
  4 bats
  A frilled lizard (D:1)
  3 rats
32 creatures vanquished.

Vanquished Creatures (others)
  33 foxfires (D:1)
33 creatures vanquished.

Grand Total: 65 creatures vanquished

Notes
Turn   | Place    | Note
-------+----------+-------------------------------------------
     0 | D:1      | Zeld the Ogre Fire Elementalist began the quest for the
                  | Orb.
     0 | D:1      | Reached XP level 1. HP: 16/16 MP: 3/3
   147 | D:1      | Reached skill level 1 in Conjurations
   477 | D:1      | Found a faded altar of an unknown god.
   570 | D:1      | Reached XP level 2. HP: 24/24 MP: 1/5
   650 | D:1      | Learned a level 2 spell: Scorch
   935 | D:1      | You fall into a shaft and drop 1 floor!
  1665 | D:2      | Reached XP level 3. HP: 31/31 MP: 2/7
  2114 | D:2      | Noticed Jessica
  2119 | D:2      | Killed Jessica
  2120 | D:2      | Reached XP level 4. HP: 33/39 MP: 1/9
  2248 | D:2      | Learned a level 3 spell: Inner Flame
  2253 | D:2      | Learned a level 4 spell: Flame Wave
  2530 | D:3      | Noticed Natasha
  2533 | D:3      | Killed Natasha
  2606 | D:3      | Mangled by a gnoll

Illustrated notes

Levels and vault maps discovered:
D:1:      dpeg_arrival_boxorama, layout_loops_cross,
          chequers_ecumenical_altar_simple_redux, minmay_ruptured
D:2:      layout_basic, uniq_jessica
D:3:      layout_loops_ring, mainiacjoe_overflow_24_doors, cheibriados_altar_1,
          uniq_sigmund, uniq_natasha

Skill      XL: |  1  2 |
---------------+-------+-----
Conjurations   | 1 |  1.8
Dodging        | 2 |  2.4
Fire Magic     | 3 |  3.5
Spellcasting   | 3 |  3.7
Stealth        | |  1.4

Action                   |  1- 3 |  4- 6 || total
-------------------------+-------+-------++-------
Melee: Unarmed           |     5 |       ||     5
       Whip              |    17 |       ||    17
 Cast: Foxfire           |    25 |       ||    25
       Scorch            |    22 |    10 ||    32
Armor: Robe              |    21 |     1 ||    22
Dodge: Dodged            |    25 |     3 ||    28
